 Dungeon Crawl Stone Soup version 0.21.1-1-g345015f (webtiles) character file.

236 Mgcat the Chopper (level 5, -1/50 HPs)
             Began as a Minotaur Berserker on Feb 5, 2018.
             Was a Believer of Trog.
             Slain by a small abomination (19 damage)
             ... on level 1 of the Abyss.
             The game lasted 00:03:20 (1068 turns).

Mgcat the Chopper (Minotaur Berserker)              Turns: 1068, Time: 00:03:21

Health: -1/50      AC:  8    Str: 21    XL:     5   Next: 77%
Magic:  4/4        EV: 11    Int:  4    God:    Trog [**....]
Gold:   102        SH:  0    Dex: 11    Spells: 4/4 levels left

rFire    . . .     SeeInvis .   a - +0 hand axe
rCold    . . .     Gourm    .   (no shield)
rNeg     . . .     Faith    .   h - +0 ring mail
rPois    .         Spirit   .   (helmet restricted)
rElec    .         Reflect  .   d - +2 cloak
rCorr    .         Harm     .   (no gloves)
MR       .....                  (no boots)
Stlth    +.........             (no amulet)
HPRegen  0.16/turn              (no ring)
MPRegen  0.09/turn              (no ring)

@: no status effects
A: retaliatory headbutt, horns 2
a: Berserk, Trog's Hand, Burn Spellbooks, Renounce Religion


You were on level 1 of the Abyss.
You worshipped Trog.
Trog was pleased with you.
You were near starving.

You visited 1 branch of the dungeon, and saw 2 of its levels.
You visited the Abyss 1 time.

You collected 102 gold pieces.

Inventory:

Hand Weapons
 a - a +0 hand axe (weapon)
Armour
 d - a +2 cloak (worn)
   (You found it on level 1 of the Abyss)
 h - a +0 ring mail (worn)
   (You found it on level 1 of the Dungeon)
Scrolls
 g - 3 scrolls of magic mapping {!r}
 j - a scroll of identify
Potions
 b - 2 potions of curing
 e - a potion of heal wounds {unknown}
 f - a potion of might {unknown}
Comestibles
 c - 4 rations
 i - 2 chunks of flesh {@w0}


   Skills:
 + Level 6.1 Fighting
 + Level 6.1 Axes
 - Level 2.4 Armour
 - Level 2.1 Dodging


You had 4 spell levels left.
You didn't know any spells.

Dungeon Overview and Level Annotations

Branches:
Dungeon (2/15)

Altars:

Annotations:
D:2 Robin


Innate Abilities, Weirdness & Mutations

You reflexively headbutt those who attack you in melee.
You have a pair of horns on your head.


Message History

Items here: ))) †††† You slash the goblin!
You kill the goblin!
Trog accepts your kill.
You closely miss the goblin.
The goblin no longer looks unusually strong.
The hobgoblin no longer looks unusually strong.
The goblin misses you.
You closely miss the goblin. Your headbutt misses the goblin.
The goblin hits you with a club.
You slash the goblin!
You kill the goblin!
Trog accepts your kill.
You slash the goblin!
You kill the goblin!
Trog accepts your kill.
The goblin no longer looks unusually strong.
Robin throws the goblin at you!
You closely miss the goblin. Your headbutt misses the goblin.
You barely miss the hobgoblin.
The goblin hits you with a dagger of distortion.
Space warps horribly around you!
The hobgoblin hits you but does no damage.
You are too injured to fight recklessly!
You are too injured to fight recklessly!
You are too injured to fight recklessly!
You are too injured to fight recklessly!
A red film seems to cover your vision as you go berserk!
You feel yourself moving faster!
You feel mighty!
You are feeling very hungry.
The goblin hits you with a dagger of distortion.
You are cast into the Abyss!
To return, you must find a gate leading back.
Killing monsters will force the Abyss to allow you passage.
This branch contains the abyssal rune of Zot.
Unknown command.
Unknown command.
Unknown command.
Unknown command.
Unknown command.
You feel a strong urge to attack something.
Unknown command.
Unknown command.
Unknown command.
Unknown command.
You feel your anger nearly subside.
You are no longer berserk.
You are exhausted.
You feel yourself slow down.
Found a gateway leading deeper into the Abyss.
g - 4 scrolls labeled BEOSA EVUXKUSK (gained 3)
As you read the scroll labeled BEOSA EVUXKUSK, it crumbles to dust.
You feel momentarily disoriented.
It was a scroll of magic mapping.
Unknown command.
As you read the scroll labeled MIOPNA FOTOURCH, it crumbles to dust.
It is a scroll of identify.
b - 2 potions of curing Unknown command.
Unknown command.
You are near starving!
You feel yourself speed up.
Found a gateway leading deeper into the Abyss.
d - a glowing cloak
There are no items here.
Wield which item (- for none, * to show all)? (? for menu, Esc to quit)
Okay, then.
Wear which item? (? for menu, Esc to quit)
You start putting on your armour.
You continue putting on your glowing cloak. x4
You finish putting on your +2 cloak.
You recover from your berserk rage.
j - a scroll of identify A small abomination comes into view.
The small abomination hits you.
You hit the small abomination.
The small abomination is moderately damaged.
The small abomination hits you but does no damage.
The small abomination hits you!
Okay, then.
Unknown command.
You hit the small abomination.
The small abomination is heavily damaged.
The small abomination hits you.
You hit the small abomination but do no damage.
Your headbutt misses the small abomination.
The small abomination is heavily damaged.
The small abomination completely misses you.
You furiously retaliate!
You headbutt the small abomination, but do no damage.
You hit the small abomination but do no damage.
The small abomination is heavily damaged.
The small abomination barely misses you.
You hit the small abomination.
You headbutt the small abomination, but do no damage.
The small abomination is heavily damaged.
The small abomination barely misses you.
You hit the small abomination but do no damage.
Your headbutt misses the small abomination.
The small abomination is heavily damaged.
The small abomination hits you!!
You die...

. # ♣# . ## . .
####.######.#. ..#.
##...........## .
#.## #.#@x##### #..
. ##.#. #..##.# .
... # # #..#...## .
.. #.#...#..### #.
#. #..# #...
..#..#...###.. .
#.##.........#.....#
# # ##.....# ..###
.. . . . #.
#.....#.## . ... .
#....#.# .#.# #....#
#.


You could see a small abomination.

Vanquished Creatures
  Sigmund (D:2)
  2 adders (D:2)
  An ooze (D:1)
  A dart slug (D:1)
  A leopard gecko (D:1)
  2 bats (D:2)
  2 giant cockroaches
  6 goblins
  6 hobgoblins
  6 jackals (D:1)
  7 kobolds
  A frilled lizard (D:2)
  6 rats
42 creatures vanquished.

Notes
Turn   | Place    | Note
-------+----------+-------------------------------------------
     0 | D:1      | Mgcat the Minotaur Berserker began the quest for the Orb.
     0 | D:1      | Reached XP level 1. HP: 19/19 MP: 0/0
   110 | D:1      | Reached skill level 4 in Fighting
   110 | D:1      | Reached skill level 4 in Axes
   113 | D:1      | Reached XP level 2. HP: 21/27 MP: 1/1
   186 | D:1      | You fall through a shaft!
   198 | D:2      | Noticed Sigmund
   421 | D:1      | Reached XP level 3. HP: 26/34 MP: 2/2
   853 | D:2      | Killed Sigmund
   853 | D:2      | Reached skill level 5 in Fighting
   853 | D:2      | Reached skill level 5 in Axes
   853 | D:2      | Reached XP level 4. HP: 39/44 MP: 3/3
   853 | D:2      | Reached XP level 5. HP: 44/50 MP: 4/4
   944 | D:2      | Reached ** piety under Trog
   946 | D:2      | Reached skill level 6 in Axes
   949 | D:2      | Reached skill level 6 in Fighting
   986 | D:2      | Noticed Robin
  1011 | D:2      | Cast into level 1 of the Abyss (goblin)
  1068 | Abyss:1  | Slain by a small abomination

Skill      XL: |  1  2  3  4  5 |
---------------+----------------+-----
Fighting       | 4 5 6 |  6.1
Axes           | 4 5 6 |  6.1
Armour         | |  2.4
Dodging        | |  2.1

Action                   |  1- 3 |  4- 6 || total
-------------------------+-------+-------++-------
Melee: Hand axe          |    61 |    40 ||   101
       Headbutt          |     9 |     5 ||    14
Invok: Berserk           |     1 |     1 ||     2
  Use: Scroll            |       |     2 ||     2
  Eat: Chunk             |       |     1 ||     1
Armor: Animal skin       |     5 |       ||     5
       Leather armour    |     4 |       ||     4
       Ring mail         |    12 |     7 ||    19
Dodge: Dodged            |    37 |    26 ||    63

Vault maps used:
D:1:      scummos_arrival_star
D:2:      first_ration, hangedman_decor_peaks_small, minmay_misc_feat_pillars,
          hangedman_decor_growths, minmay_joined_circles, uniq_sigmund,
          uniq_crazy_yiuf_cottage, uniq_robin

Table legend:
 A = Turns spent in this place as a percentage of turns spent in the entire game.
 B = Non-inter-level travel turns spent in this place as a percentage of non-inter-level travel turns spent in the entire game.
 C = Inter-level travel turns spent in this place as a percentage of turns spent in this place.
 D = Turns resting spent in this place as a percentage of non-inter-level travel turns spent in this place.
 E = Turns spent auto-exploring this place as a percentage of non-inter-level travel turns spent in this place.
 F = Non-inter-level travel turns spent in this place divided by the number of levels of this place that you've seen.
                   A       B       C       D       E      F
               +-------+-------+-------+-------+-------+----------------------
         Total | 100.0 | 100.0 |   3.5 |   0.0 |  69.4 | 343.7
       Dungeon |  94.7 |  94.5 |   3.7 |   0.0 |  73.4 | 487.0
         Abyss |   5.3 |   5.5 |   0.0 |   0.0 |   0.0 |  57.0
               +-------+-------+-------+-------+-------+----------------------

Table legend:
 A = Kills in this place as a percentage of kills in entire the game.
 B = Kills by you in this place as a percentage of kills by you in the entire game.
 C = Kills by friends in this place as a percentage of kills by friends in the entire game.
 D = Other kills in this place as a percentage of other kills in the entire game.
 E = Experience gained in this place as a percentage of experience gained in the entire game.
 F = Experience gained in this place divided by the number of levels of this place that you have seen.
                   A       B       C       D       E      F
               +-------+-------+-------+-------+-------+----------------------
         Total | 100.0 | 100.0 |   N/A |   N/A | 100.0 | 112.7
       Dungeon | 100.0 | 100.0 |   N/A |   N/A | 100.0 | 169.0
               +-------+-------+-------+-------+-------+----------------------
